WCHLSIM.com - West Coast Hockey League
html PUBLIC "-//W3C//DTD XHTML 1.0 Transitional//EN" "http://www.w3.org/TR/xhtml1/DTD/xhtml1-transitional.dtd"> WCHL - Game 302 - SASKATOON DUCKS vs PORTLAND PIRATES

SASKATOON DUCKS vs PORTLAND PIRATES

Created - 18 novembre 2019 at 22:28

Goals
1 2 3 T
SASKATOON DUCKS 1 2 0 3
PORTLAND PIRATES 3 1 1 5
Shots
1 2 3 T
SASKATOON DUCKS 2 10 5 17
PORTLAND PIRATES 15 10 12 37

1st period

1. PORTLAND PIRATES , Thomas Chabot 1 (Pavel Zacha 2, Rasmus Ristolainen 10) at 3:59
2. PORTLAND PIRATES , Rickard Rakell 3 (Eric Staal 3, Travis Hamonic 3) at 5:35
3. SASKATOON DUCKS , Jordan Weal 2 (Ryan McDonagh 7) at 7:43 (SH)
4. PORTLAND PIRATES , Gabriel Landeskog 11 (Jonathan Toews 14, Thomas Chabot 7) at 13:20

Penalties :
Bryan Rust (SAS) for Tripping (Minor) at 1:19, William Carrier (POR) for Holding (Minor) at 3:25, Ryan McDonagh (SAS) for Hooking (Minor) at 3:25, Derek Forbort (SAS) for Holding (Minor) at 6:21

2nd period

5. SASKATOON DUCKS , Derek Forbort 2 (Jakub Vrana 7, Dylan Strome 14) at 5:46
6. PORTLAND PIRATES , Gabriel Landeskog 12 (Brett Pesce 4) at 13:29
7. SASKATOON DUCKS , Nate Schmidt 3 (Bryan Rust 5, Joe Thornton 11) at 16:35

Penalties :
Derek Forbort (SAS) for Holding (Minor) at 3:13, Bryan Rust (SAS) for Interference (Minor) at 9:24, Ryan McDonagh (SAS) for High sticking (Minor) at 13:51

3rd period

8. PORTLAND PIRATES , Alec Martinez 2 (Brett Pesce 5, Yanni Gourde 7) at 1:23 (PP)

Penalties :
Ryan McDonagh (SAS) for Slashing (Minor) at 0:45, Devon Toews (SAS) for High sticking (Minor) at 3:39, Victor Mete (SAS) for Holding (Minor) at 11:16

Goalie Stats

Jared Coreau (SAS), 10 saves from 10 shots - (1,000), 18:37 minutes
Cameron Talbot (SAS), 22 saves from 27 shots - (0,815), L, 4-8-1, 41:23 minutes
Henrik Lundqvist (POR), 14 saves from 17 shots - (0,824), W, 10-4-0, 60:00 minutes

Players Stats for SASKATOON DUCKS

Player Name              G  A  P  +/- PIM S  H  SB GA TA FO     MP     PP MP  PK MP  
------------------------------------------------------------------------------------
Andreas Athanasiou       0  0  0   0  0   0  0  0  0  0  1/1    17:00   0:00   0:05 
Anthony Duclair          0  0  0  -3  0   0  0  0  0  0  1/2    17:23   0:00   8:19 
Bryan Rust               0  1  1   1  4   3  1  0  0  0  0/1    14:16   0:00   0:00 
Derek Forbort            1  0  1   0  4   1  2  4  0  0  0/0    21:12   0:00   6:44 
Devon Toews              0  0  0  -2  2   0  4  2  0  0  0/0    19:10   0:00   7:00 
Dylan Strome             0  1  1   1  0   2  0  1  0  0  8/16   16:02   0:00   0:00 
Jakub Vrana              0  1  1   1  0   4  0  0  0  0  0/0    16:02   0:00   0:00 
Joe Thornton             0  1  1   0  0   1  1  0  0  0  10/19  15:44   0:00   0:00 
Jordan Weal              1  0  1   1  0   1  0  1  0  0  1/9    10:46   0:00   6:07 
Martin Hanzal            0  0  0   0  0   1  0  0  0  0  4/6     4:44   0:00   0:05 
Nate Schmidt             1  0  1  -1  0   2  3  1  0  0  0/0    26:57   0:00   6:43 
Ondrej Palat             0  0  0   1  0   0  0  0  0  0  0/0    14:18   0:00   0:00 
Robert Fabbri            0  0  0   1  0   0  0  0  0  0  2/3    10:46   0:00   6:07 
Ryan McDonagh            0  1  1   1  6   1  5  1  0  0  0/0    20:37   0:00   1:52 
Ryan Strome              0  0  0  -3  0   1  2  0  0  0  4/19   17:23   0:00   8:19 
Travis Dermott           0  0  0   0  0   0  2  1  0  0  0/0    17:55   0:00   6:37 
Victor Mete              0  0  0   0  2   0  1  1  0  0  0/0    14:02   0:00   0:06 
Vladislav Namestnikov    0  0  0  -3  0   0  0  0  0  0  0/1     9:04   0:00   0:00 

Players Stats for PORTLAND PIRATES

Player Name              G  A  P  +/- PIM S  H  SB GA TA FO     MP     PP MP  PK MP  
------------------------------------------------------------------------------------
Alec Martinez            1  0  1   0  0   2  3  3  0  0  0/0    20:39   6:32   0:00 
Alex Chiasson            0  0  0  -1  0   1  0  0  0  0  0/0     5:12   0:00   0:00 
Brett Connolly           0  0  0   0  0   2  1  0  0  0  0/1    10:11   0:00   0:00 
Brett Pesce              0  2  2   1  0   2  3  0  0  0  0/0    20:07   6:12   0:00 
Brian Dumoulin           0  0  0   0  0   2  0  1  0  0  0/0    16:56   0:38   0:00 
Eric Staal               0  1  1  -1  0   2  0  0  0  0  18/25  20:46   6:49   0:00 
Gabriel Landeskog        2  0  2   2  0   3  2  1  0  0  1/3    21:52   7:42   0:00 
Jason Dickinson          0  0  0  -1  0   1  0  0  0  0  1/4     5:37   0:00   0:00 
Jonathan Toews           0  1  1   2  0   3  0  0  0  0  16/22  21:52   7:42   0:00 
Mike Hoffman             0  0  0   3  0   0  0  0  0  0  0/2    23:26   7:42   0:00 
Pavel Zacha              0  1  1   1  0   1  0  0  0  0  8/18   11:45   0:00   0:00 
Rasmus Ristolainen       0  1  1   1  0   1  3  0  0  0  0/0    23:42   7:41   0:00 
Rickard Rakell           1  0  1  -1  0   6  0  0  0  0  1/1    21:11   6:49   0:00 
Thomas Chabot            1  1  2   0  0   1  1  0  0  0  0/0    23:15   7:59   0:00 
Travis Hamonic           0  1  1   0  0   0  1  1  0  0  0/0    15:21   0:00   0:00 
Travis Konecny           0  0  0   0  0   3  0  0  0  0  1/1    13:57   0:00   0:00 
William Carrier          0  0  0  -1  2   1  0  0  0  0  0/0     5:11   0:00   0:00 
Yanni Gourde             0  1  1  -1  0   6  1  0  0  0  0/0    17:00   6:49   0:00 

3 Stars

1 - Gabriel Landeskog (POR)
2 - Thomas Chabot (POR)
3 - Brett Pesce (POR)

Power Play

SASKATOON DUCKS - 0 on 0 Attempt(s) - 0,00%
PORTLAND PIRATES - 1 on 8 Attempt(s) - 12,50%

Penalty Kill

SASKATOON DUCKS - 7 on 8 Attempt(s) - 87,50% - Score 1 goal in Penalty Kill
PORTLAND PIRATES - 0 on 0 Attempt(s) - 0,00% - Score 0 goal in Penalty Kill

Team Stat

SASKATOON DUCKS - Hits : 21 - Faceoff Wins : 31 - Blocked Shots : 12 - Penalty Minutes : 18
PORTLAND PIRATES - Hits : 15 - Faceoff Wins : 46 - Blocked Shots : 6 - Penalty Minutes : 2

Official

Referees : Ryan Fraser and Steve Kozari
Linesman : Leo Boylan and Johnathan Morrison

Game Notes

Jared Coreau enters game at 1:23 of 3rd period

Finance

Level 1 -- Attendance: 8000 (100,00%) -- Ticket Income 1 000 000 $
Level 2 -- Attendance: 6000 (100,00%) -- Ticket Income 510 000 $
Level 3 -- Attendance: 2895 (96,50%) -- Ticket Income 144 750 $
Level 4 -- Attendance: 4000 (100,00%) -- Ticket Income 180 000 $
Luxury Box -- Attendance: 1000 (100,00%) -- Ticket Income 250 000 $
Total Attendance: 21895 (99,52%)
Total Ticket Income: 2 084 750 $
Other Income: 625 425 $
Total Income: 2 710 175 $

SASKATOON DUCKS

5 vs 5 Forward 
   Center                   Left Wing                Right Wing               Time % Phy DF OF 
 1 Dylan Strome             Jakub Vrana              Andreas Athanasiou       35     1   1  3  
 2 Joe Thornton             Ondrej Palat             Bryan Rust               32     1   1  3  
 3 Ryan Strome              Vladislav Namestnikov    Anthony Duclair          23     1   3  1  
 4 Martin Hanzal            Robert Fabbri            Jordan Weal              10     1   2  2  

5 vs 5 Defense 
   Defense                  Defense                                           Time % Phy DF OF 
 1 Ryan McDonagh            Nate Schmidt                                      40     1   3  1  
 2 Derek Forbort            Victor Mete                                       31     0   4  1  
 3 Travis Dermott           Devon Toews                                       21     0   5  0  
 4 Ryan McDonagh            Nate Schmidt                                      8      1   2  2  

PowerPlay Forward 
   Center                   Left Wing                Right Wing               Time % Phy DF OF 
 1 Dylan Strome             Jakub Vrana              Andreas Athanasiou       55     0   0  5  
 2 Joe Thornton             Ondrej Palat             Anthony Duclair          45     0   1  4  

PowerPlay Defense
   Defense                  Defense                                           Time % Phy DF OF 
 1 Derek Forbort            Nate Schmidt                                      55     0   1  4  
 2 Travis Dermott           Devon Toews                                       45     0   2  3  

Penalty Kill 4 Players Forward 
   Center                   Wing                     Time % Phy DF OF 
 1 Ryan Strome              Anthony Duclair          55     1   2  2  
 2 Jordan Weal              Robert Fabbri            45     1   2  2  

Penalty Kill 4 Players Defense
   Defense                  Defense                  Time % Phy DF OF 
 1 Travis Dermott           Derek Forbort            55     1   2  2  
 2 Devon Toews              Nate Schmidt             45     1   2  2  

Penalty Kill - 3 Players Forward 
   Forward                                           Time % Phy DF OF 
 1 Jordan Weal                                       55     1   2  2  
 2 Ryan Strome                                       45     1   2  2  

Penalty Kill - 3 Players Defense
   Defense                  Defense                  Time % Phy DF OF 
 1 Travis Dermott           Derek Forbort            55     1   2  2  
 2 Devon Toews              Nate Schmidt             45     1   2  2  

4 vs 4 Forward 
   Center                   Wing                     Time % Phy DF OF 
 1 Joe Thornton             Andreas Athanasiou       55     1   2  2  
 2 Dylan Strome             Jakub Vrana              45     1   2  2  

4 vs 4 Defense
   Defense                  Defense                  Time % Phy DF OF 
 1 Devon Toews              Nate Schmidt             55     1   2  2  
 2 Derek Forbort            Travis Dermott           45     1   2  2  

Last Minutes Offensive
   Center                   Left Wing                Right Wing               Defense                  Defense                  
   Dylan Strome             Jakub Vrana              Andreas Athanasiou       Ryan McDonagh            Nate Schmidt             

Last Minutes Defensive
   Center                   Left Wing                Right Wing               Defense                  Defense                  
   Joe Thornton             Bryan Rust               Vladislav Namestnikov    Ryan McDonagh            Nate Schmidt             

Goaltenders
Starting : Cameron Talbot           
Backup : Jared Coreau             

Extra Forwards
Normal : Jakub Vrana, Ryan Strome, Jordan Weal - PP : Bryan Rust, Ondrej Palat - PK : Jordan Weal
Extra Defensemen
Normal : Travis Dermott, Devon Toews, Derek Forbort - PP : Travis Dermott - PK : Devon Toews, Derek Forbort
Penalty Shots
Andreas Athanasiou, Dylan Strome, Joe Thornton, Bryan Rust, Ondrej Palat
Custom OT Lines Forwards
Joe Thornton, Dylan Strome, Bryan Rust, Andreas Athanasiou, Ondrej Palat, Vladislav Namestnikov, Jakub Vrana, Ryan Strome, Jordan Weal, Anthony Duclair
Custom OT Lines Defensemen
Ryan McDonagh, Nate Schmidt, Derek Forbort, Devon Toews, Travis Dermott

Scratches
Jarred Tinordi (Healthy), Jake McCabe (Upper Body Injury), Mason Geertsen (Healthy), Jordan Binnington (Sprained Left Ankle Injury)

PORTLAND PIRATES

5 vs 5 Forward 
   Center                   Left Wing                Right Wing               Time % Phy DF OF 
 1 Jonathan Toews           Gabriel Landeskog        Mike Hoffman             33     0   1  4  
 2 Eric Staal               Travis Konecny           Rickard Rakell           30     0   2  3  
 3 Pavel Zacha              Yanni Gourde             Brett Connolly           25     0   2  3  
 4 Jason Dickinson          William Carrier          Alex Chiasson            12     1   2  2  

5 vs 5 Defense 
   Defense                  Defense                                           Time % Phy DF OF 
 1 Brett Pesce              Rasmus Ristolainen                                32     0   4  1  
 2 Travis Hamonic           Brian Dumoulin                                    32     0   4  1  
 3 Thomas Chabot            Alec Martinez                                     31     0   3  2  
 4 Rasmus Ristolainen       Brian Dumoulin                                    5      1   3  1  

PowerPlay Forward 
   Center                   Left Wing                Right Wing               Time % Phy DF OF 
 1 Jonathan Toews           Gabriel Landeskog        Mike Hoffman             65     0   1  4  
 2 Eric Staal               Yanni Gourde             Rickard Rakell           35     0   1  4  

PowerPlay Defense
   Defense                  Defense                                           Time % Phy DF OF 
 1 Thomas Chabot            Rasmus Ristolainen                                65     0   1  4  
 2 Brett Pesce              Alec Martinez                                     35     0   2  3  

Penalty Kill 4 Players Forward 
   Center                   Wing                     Time % Phy DF OF 
 1 Jason Dickinson          William Carrier          50     0   5  0  
 2 Eric Staal               Yanni Gourde             50     0   5  0  

Penalty Kill 4 Players Defense
   Defense                  Defense                  Time % Phy DF OF 
 1 Brian Dumoulin           Travis Hamonic           60     0   5  0  
 2 Alec Martinez            Brett Pesce              40     0   5  0  

Penalty Kill - 3 Players Forward 
   Forward                                           Time % Phy DF OF 
 1 Jason Dickinson                                   60     0   5  0  
 2 William Carrier                                   40     0   5  0  

Penalty Kill - 3 Players Defense
   Defense                  Defense                  Time % Phy DF OF 
 1 Brian Dumoulin           Travis Hamonic           60     0   5  0  
 2 Alec Martinez            Brett Pesce              40     0   5  0  

4 vs 4 Forward 
   Center                   Wing                     Time % Phy DF OF 
 1 Pavel Zacha              Mike Hoffman             60     0   1  4  
 2 Jason Dickinson          Rickard Rakell           40     0   2  3  

4 vs 4 Defense
   Defense                  Defense                  Time % Phy DF OF 
 1 Thomas Chabot            Rasmus Ristolainen       60     0   2  3  
 2 Brett Pesce              Alec Martinez            40     0   3  2  

Last Minutes Offensive
   Center                   Left Wing                Right Wing               Defense                  Defense                  
   Jonathan Toews           Gabriel Landeskog        Mike Hoffman             Thomas Chabot            Rasmus Ristolainen       

Last Minutes Defensive
   Center                   Left Wing                Right Wing               Defense                  Defense                  
   Eric Staal               Jason Dickinson          Yanni Gourde             Brett Pesce              Travis Hamonic           

Goaltenders
Starting : Henrik Lundqvist         
Backup : Cam Ward                 

Extra Forwards
Normal : Alex Chiasson, Pavel Zacha, Jason Dickinson - PP : Travis Konecny, Brett Connolly - PK : Pavel Zacha
Extra Defensemen
Normal : Travis Hamonic, Brett Pesce, Brian Dumoulin - PP : Brian Dumoulin - PK : Rasmus Ristolainen, Thomas Chabot
Penalty Shots
Jonathan Toews, Gabriel Landeskog, Mike Hoffman, Rickard Rakell, Alex Chiasson
Custom OT Lines Forwards
Jonathan Toews, Gabriel Landeskog, Eric Staal, Mike Hoffman, Yanni Gourde, Rickard Rakell, Travis Konecny, Alex Chiasson, Pavel Zacha, Brett Connolly
Custom OT Lines Defensemen
Thomas Chabot, Rasmus Ristolainen, Brett Pesce, Alec Martinez, Brian Dumoulin

Scratches
Chris Casto (Healthy), Zach Nastasiuk (Healthy), Colin Markison (Healthy)

% Time on Ice - SASKATOON DUCKS

Lines # - Real PCT - Wanted PCT - Time Play
Normal Forward
1 - 36% - 35% - 15:29
2 - 33% - 32% - 14:18
3 - 21% - 23% - 9:04
4 - 11% - 10% - 4:39
Normal Defense
1 - 43% - 40% - 18:48
2 - 32% - 31% - 13:57
3 - 25% - 21% - 10:45
4 - 0% - 8% - 0:00
PP Forward
1 - 0% - 55%
2 - 0% - 45%
PP Defense
1 - 0% - 55%
2 - 0% - 45%
PK Forward
1 - 58% - 55% - 8:24
2 - 42% - 45% - 6:07
PK Defense
1 - 54% - 55% - 7:54
2 - 46% - 45% - 6:37
PK3 Forward
1 - 0% - 55%
2 - 0% - 45%
PK3 Defense
1 - 0% - 55%
2 - 0% - 45%
44 Forward
1 - 72% - 55% - 1:26
2 - 28% - 45% - 0:33
44 Defense
1 - 72% - 55% - 1:26
2 - 28% - 45% - 0:33
Last Minute Offensive  - 0:00
Last Minute Defensive  - 0:00
Total
Forward - 60:00
Defense - 60:00

% Time on Ice - PORTLAND PIRATES

Lines # - Real PCT - Wanted PCT - Time Play
Normal Forward
1 - 33% - 33% - 14:10
2 - 32% - 30% - 13:57
3 - 23% - 25% - 10:11
4 - 12% - 12% - 5:12
Normal Defense
1 - 31% - 32% - 13:30
2 - 35% - 32% - 15:10
3 - 31% - 31% - 13:42
4 - 3% - 5% - 1:08
PP Forward
1 - 53% - 65% - 7:42
2 - 47% - 35% - 6:49
PP Defense
1 - 55% - 65% - 7:59
2 - 45% - 35% - 6:32
PK Forward
1 - 0% - 50%
2 - 0% - 50%
PK Defense
1 - 0% - 60%
2 - 0% - 40%
PK3 Forward
1 - 0% - 60%
2 - 0% - 40%
PK3 Defense
1 - 0% - 60%
2 - 0% - 40%
44 Forward
1 - 79% - 60% - 1:34
2 - 21% - 40% - 0:25
44 Defense
1 - 79% - 60% - 1:34
2 - 21% - 40% - 0:25
Last Minute Offensive  - 0:00
Last Minute Defensive  - 0:00
Total
Forward - 60:00
Defense - 60:00

Play-by-Play

1st period


0:01 of 1st period - Dylan Strome wins face-off versus Jonathan Toews in neutral zone.
0:42 of 1st period - Shot by Jonathan Toews.
0:42 of 1st period - Shot Misses the Net.
1:07 of 1st period - Ondrej Palat is hit by Rasmus Ristolainen and loses puck.
1:10 of 1st period - Shot by Bryan Rust.
1:10 of 1st period - Shot Misses the Net.
1:19 of 1st period - Minor Penalty to Bryan Rust for Tripping.
1:20 of 1st period - Eric Staal wins face-off versus Ryan Strome in SASKATOON DUCKS zone.
1:35 of 1st period - Shot by Thomas Chabot.
1:35 of 1st period - Shot Misses the Net.
1:37 of 1st period - Shot by Brian Dumoulin.
1:37 of 1st period - Stopped by Cameron Talbot without a rebound.
1:38 of 1st period - Rickard Rakell wins face-off versus Jordan Weal in SASKATOON DUCKS zone.
2:15 of 1st period - Yanni Gourde is hit by Ryan Strome and loses puck.
2:54 of 1st period - Shot by Jonathan Toews.
2:54 of 1st period - Shot Blocked by Derek Forbort.
3:25 of 1st period - Minor Penalty to William Carrier for Holding.
3:25 of 1st period - Minor Penalty to Ryan McDonagh for Hooking.
3:26 of 1st period - Pavel Zacha wins face-off versus Joe Thornton in SASKATOON DUCKS zone.
3:31 of 1st period - Shot by Mike Hoffman.
3:31 of 1st period - Shot Misses the Net.
3:36 of 1st period - Off-side.
3:37 of 1st period - Andreas Athanasiou wins face-off versus Pavel Zacha in neutral zone.
3:42 of 1st period - Thomas Chabot is hit by Joe Thornton and loses puck.
3:57 of 1st period - Shot by Pavel Zacha.
3:57 of 1st period - Stopped by Cameron Talbot with a rebound.
3:59 of 1st period - Shot by Thomas Chabot.
3:59 of 1st period - Goal by Thomas Chabot - SASKATOON DUCKS : 0 - PORTLAND PIRATES : 1.
4:00 of 1st period - Dylan Strome wins face-off versus Jason Dickinson in neutral zone.
4:05 of 1st period - Shot by Jakub Vrana.
4:05 of 1st period - Shot Misses the Net.
4:23 of 1st period - Shot by Jakub Vrana.
4:23 of 1st period - Stopped by Henrik Lundqvist without a rebound.
4:24 of 1st period - Pavel Zacha wins face-off versus Joe Thornton in PORTLAND PIRATES zone.
5:35 of 1st period - Shot by Rickard Rakell.
5:35 of 1st period - Goal by Rickard Rakell - SASKATOON DUCKS : 0 - PORTLAND PIRATES : 2.
5:36 of 1st period - Eric Staal wins face-off versus Robert Fabbri in neutral zone.
5:54 of 1st period - Shot by Travis Konecny.
5:54 of 1st period - Stopped by Cameron Talbot with a rebound.
6:05 of 1st period - Eric Staal is hit by Victor Mete and loses puck.
6:21 of 1st period - Minor Penalty to Derek Forbort for Holding.
6:22 of 1st period - Ryan Strome wins face-off versus Mike Hoffman in SASKATOON DUCKS zone.
7:39 of 1st period - Icing by Thomas Chabot.
7:40 of 1st period - Jordan Weal wins face-off versus Eric Staal in PORTLAND PIRATES zone.
7:43 of 1st period - Shot by Jordan Weal.
7:43 of 1st period - Goal by Jordan Weal - SASKATOON DUCKS : 1 - PORTLAND PIRATES : 2.
7:44 of 1st period - Jonathan Toews wins face-off versus Jordan Weal in neutral zone.
7:53 of 1st period - Shot by Gabriel Landeskog.
7:53 of 1st period - Shot Blocked by Ryan McDonagh.
8:30 of 1st period - Shot by Travis Konecny.
8:30 of 1st period - Stopped by Cameron Talbot without a rebound.
8:31 of 1st period - Pavel Zacha wins face-off versus Dylan Strome in SASKATOON DUCKS zone.
9:10 of 1st period - Shot by Pavel Zacha.
9:10 of 1st period - Shot Misses the Net.
9:47 of 1st period - Travis Konecny is hit by Ryan McDonagh and loses puck.
10:20 of 1st period - Shot by Alex Chiasson.
10:20 of 1st period - Shot Misses the Net.
10:27 of 1st period - Jason Dickinson is hit by Ryan McDonagh and loses puck.
11:17 of 1st period - Jonathan Toews is hit by Devon Toews and loses puck.
12:19 of 1st period - Shot by Brett Connolly.
12:19 of 1st period - Stopped by Cameron Talbot without a rebound.
12:20 of 1st period - Eric Staal wins face-off versus Martin Hanzal in SASKATOON DUCKS zone.
12:46 of 1st period - Shot by Travis Konecny.
12:46 of 1st period - Deflect By Rickard Rakell.
12:46 of 1st period - Stopped by Cameron Talbot with a rebound.
12:48 of 1st period - Shot by Brett Pesce.
12:48 of 1st period - Stopped by Cameron Talbot without a rebound.
12:49 of 1st period - Jonathan Toews wins face-off versus Ryan Strome in SASKATOON DUCKS zone.
12:49 of 1st period - Jonathan Toews is hit by Travis Dermott.
13:20 of 1st period - Shot by Jonathan Toews.
13:20 of 1st period - Deflect By Gabriel Landeskog.
13:20 of 1st period - Goal by Gabriel Landeskog - SASKATOON DUCKS : 1 - PORTLAND PIRATES : 3.
13:21 of 1st period - Pavel Zacha wins face-off versus Bryan Rust in neutral zone.
13:46 of 1st period - Shot by Brett Connolly.
13:46 of 1st period - Shot Blocked by Derek Forbort.
13:55 of 1st period - Yanni Gourde is hit by Derek Forbort and loses puck.
14:11 of 1st period - Icing by Joe Thornton.
14:12 of 1st period - Jonathan Toews wins face-off versus Joe Thornton in SASKATOON DUCKS zone.
14:15 of 1st period - Shot by Jonathan Toews.
14:15 of 1st period - Stopped by Cameron Talbot without a rebound.
14:16 of 1st period - Eric Staal wins face-off versus Ryan Strome in SASKATOON DUCKS zone.
14:16 of 1st period - Eric Staal is hit by Devon Toews.
14:44 of 1st period - Shot by Rickard Rakell.
14:44 of 1st period - Shot Misses the Net.
14:47 of 1st period - Icing by Devon Toews.
14:48 of 1st period - Ryan Strome wins face-off versus Jonathan Toews in SASKATOON DUCKS zone.
16:09 of 1st period - Jonathan Toews is hit by Ryan McDonagh and loses puck.
16:13 of 1st period - Icing by Ryan McDonagh.
16:14 of 1st period - Eric Staal wins face-off versus Joe Thornton in SASKATOON DUCKS zone.
16:23 of 1st period - Shot by Eric Staal.
16:23 of 1st period - Deflect By Rickard Rakell.
16:23 of 1st period - Stopped by Cameron Talbot without a rebound.
16:24 of 1st period - Dylan Strome wins face-off versus Pavel Zacha in SASKATOON DUCKS zone.
16:38 of 1st period - Icing by Thomas Chabot.
16:39 of 1st period - Martin Hanzal wins face-off versus Pavel Zacha in PORTLAND PIRATES zone.
16:55 of 1st period - Icing by Thomas Chabot.
16:56 of 1st period - Dylan Strome wins face-off versus Pavel Zacha in PORTLAND PIRATES zone.
17:11 of 1st period - Shot by Yanni Gourde.
17:11 of 1st period - Shot Misses the Net.
17:13 of 1st period - Shot by Yanni Gourde.
17:13 of 1st period - Shot Misses the Net.
17:18 of 1st period - Brett Connolly is hit by Derek Forbort.
17:22 of 1st period - Shot by Yanni Gourde.
17:22 of 1st period - Shot Blocked by Derek Forbort.
17:24 of 1st period - Shot by Alec Martinez.
17:24 of 1st period - Stopped by Cameron Talbot with a rebound.
17:26 of 1st period - Shot by Brett Connolly.
17:26 of 1st period - Stopped by Cameron Talbot without a rebound.
17:27 of 1st period - Joe Thornton wins face-off versus Eric Staal in SASKATOON DUCKS zone.
17:46 of 1st period - Shot by Rickard Rakell.
17:46 of 1st period - Stopped by Cameron Talbot without a rebound.
17:47 of 1st period - Jonathan Toews wins face-off versus Ryan Strome in SASKATOON DUCKS zone.
17:47 of 1st period - Mike Hoffman is hit by Travis Dermott and loses puck.
19:04 of 1st period - Andreas Athanasiou is hit by Rasmus Ristolainen.
19:31 of 1st period - Off-side.
19:32 of 1st period - Martin Hanzal wins face-off versus Pavel Zacha in neutral zone.
19:34 of 1st period - Off-side.
19:35 of 1st period - Joe Thornton wins face-off versus Brett Connolly in neutral zone.
19:44 of 1st period - Joe Thornton is hit by Brett Connolly and loses puck.
Goals for this period are 1 for SASKATOON DUCKS vs 3 for PORTLAND PIRATES.
Shots for this period are 2 for SASKATOON DUCKS vs 15 for PORTLAND PIRATES.

2nd period


0:01 of 2nd period - Eric Staal wins face-off versus Dylan Strome in neutral zone.
0:03 of 2nd period - Off-side.
0:04 of 2nd period - Joe Thornton wins face-off versus Eric Staal in neutral zone.
0:17 of 2nd period - Shot by Bryan Rust.
0:17 of 2nd period - Stopped by Henrik Lundqvist without a rebound.
0:18 of 2nd period - Dylan Strome wins face-off versus Jason Dickinson in PORTLAND PIRATES zone.
0:33 of 2nd period - Shot by Jason Dickinson.
0:33 of 2nd period - Stopped by Cameron Talbot with a rebound.
0:35 of 2nd period - Shot by William Carrier.
0:35 of 2nd period - Stopped by Cameron Talbot with a rebound.
0:37 of 2nd period - Shot by William Carrier.
0:37 of 2nd period - Shot Misses the Net.
2:41 of 2nd period - Jonathan Toews is hit by Devon Toews and loses puck.
2:47 of 2nd period - Jonathan Toews is hit by Devon Toews and loses puck.
2:52 of 2nd period - Shot by Jonathan Toews.
2:52 of 2nd period - Stopped by Cameron Talbot without a rebound.
2:53 of 2nd period - Robert Fabbri wins face-off versus Pavel Zacha in SASKATOON DUCKS zone.
3:13 of 2nd period - Minor Penalty to Derek Forbort for Holding.
3:14 of 2nd period - Anthony Duclair wins face-off versus Jonathan Toews in SASKATOON DUCKS zone.
3:20 of 2nd period - Icing by Gabriel Landeskog.
3:21 of 2nd period - Jonathan Toews wins face-off versus Jordan Weal in PORTLAND PIRATES zone.
3:58 of 2nd period - Shot by Gabriel Landeskog.
3:58 of 2nd period - Shot Misses the Net.
5:26 of 2nd period - Shot by Andreas Athanasiou.
5:26 of 2nd period - Shot Misses the Net.
5:28 of 2nd period - Shot by Victor Mete.
5:28 of 2nd period - Shot Misses the Net.
5:44 of 2nd period - Shot by Jakub Vrana.
5:44 of 2nd period - Stopped by Henrik Lundqvist with a rebound.
5:46 of 2nd period - Shot by Derek Forbort.
5:46 of 2nd period - Goal by Derek Forbort - SASKATOON DUCKS : 2 - PORTLAND PIRATES : 3.
5:47 of 2nd period - Jonathan Toews wins face-off versus Joe Thornton in neutral zone.
6:13 of 2nd period - Icing by Rasmus Ristolainen.
6:14 of 2nd period - Jonathan Toews wins face-off versus Jordan Weal in PORTLAND PIRATES zone.
6:37 of 2nd period - Shot by Jonathan Toews.
6:37 of 2nd period - Stopped by Cameron Talbot with a rebound.
7:09 of 2nd period - Shot by Pavel Zacha.
7:09 of 2nd period - Deflect By Yanni Gourde.
7:09 of 2nd period - Shot Misses the Net.
7:57 of 2nd period - Shot by Nate Schmidt.
7:57 of 2nd period - Deflect By Dylan Strome.
7:57 of 2nd period - Stopped by Henrik Lundqvist with a rebound.
7:59 of 2nd period - Shot by Jakub Vrana.
7:59 of 2nd period - Stopped by Henrik Lundqvist without a rebound.
8:00 of 2nd period - Joe Thornton wins face-off versus Mike Hoffman in PORTLAND PIRATES zone.
8:02 of 2nd period - Ondrej Palat is hit by Brett Pesce and loses puck.
8:20 of 2nd period - Icing by Brett Pesce.
8:21 of 2nd period - Dylan Strome wins face-off versus Gabriel Landeskog in PORTLAND PIRATES zone.
8:45 of 2nd period - Shot by Jonathan Toews.
8:45 of 2nd period - Shot Blocked by Dylan Strome.
9:24 of 2nd period - Minor Penalty to Bryan Rust for Interference.
9:25 of 2nd period - Ryan Strome wins face-off versus Eric Staal in SASKATOON DUCKS zone.
9:31 of 2nd period - Icing by Rasmus Ristolainen.
9:32 of 2nd period - Eric Staal wins face-off versus Ryan Strome in PORTLAND PIRATES zone.
10:45 of 2nd period - Robert Fabbri is hit by Brett Pesce and loses puck.
12:30 of 2nd period - Shot by Andreas Athanasiou.
12:30 of 2nd period - Shot Misses the Net.
12:32 of 2nd period - Shot by Jakub Vrana.
12:32 of 2nd period - Shot Misses the Net.
12:38 of 2nd period - Shot by Andreas Athanasiou.
12:38 of 2nd period - Shot Blocked by Alec Martinez.
12:40 of 2nd period - Shot by Nate Schmidt.
12:40 of 2nd period - Stopped by Henrik Lundqvist without a rebound.
12:41 of 2nd period - Eric Staal wins face-off versus Martin Hanzal in PORTLAND PIRATES zone.
12:58 of 2nd period - Shot by Eric Staal.
12:58 of 2nd period - Stopped by Cameron Talbot without a rebound.
12:59 of 2nd period - Jonathan Toews wins face-off versus Ryan Strome in SASKATOON DUCKS zone.
13:29 of 2nd period - Shot by Gabriel Landeskog.
13:29 of 2nd period - Goal by Gabriel Landeskog - SASKATOON DUCKS : 2 - PORTLAND PIRATES : 4.
13:30 of 2nd period - Eric Staal wins face-off versus Dylan Strome in neutral zone.
13:50 of 2nd period - Shot by Rickard Rakell.
13:50 of 2nd period - Stopped by Cameron Talbot without a rebound.
13:51 of 2nd period - Pavel Zacha wins face-off versus Joe Thornton in SASKATOON DUCKS zone.
13:51 of 2nd period - Minor Penalty to Ryan McDonagh for High sticking.
13:52 of 2nd period - Jonathan Toews wins face-off versus Ryan Strome in SASKATOON DUCKS zone.
15:32 of 2nd period - Shot by Rickard Rakell.
15:32 of 2nd period - Stopped by Cameron Talbot without a rebound.
15:33 of 2nd period - Robert Fabbri wins face-off versus Gabriel Landeskog in SASKATOON DUCKS zone.
16:11 of 2nd period - Shot by Alex Chiasson.
16:11 of 2nd period - Shot Misses the Net.
16:21 of 2nd period - Shot by Alex Chiasson.
16:21 of 2nd period - Stopped by Cameron Talbot without a rebound.
16:22 of 2nd period - Joe Thornton wins face-off versus Eric Staal in SASKATOON DUCKS zone.
16:33 of 2nd period - Shot by Bryan Rust.
16:33 of 2nd period - Stopped by Henrik Lundqvist with a rebound.
16:35 of 2nd period - Shot by Nate Schmidt.
16:35 of 2nd period - Goal by Nate Schmidt - SASKATOON DUCKS : 3 - PORTLAND PIRATES : 4.
16:36 of 2nd period - Martin Hanzal wins face-off versus Jonathan Toews in neutral zone.
16:40 of 2nd period - Robert Fabbri is hit by Rasmus Ristolainen and loses puck.
17:04 of 2nd period - Shot by Martin Hanzal.
17:04 of 2nd period - Stopped by Henrik Lundqvist without a rebound.
17:05 of 2nd period - Joe Thornton wins face-off versus Pavel Zacha in PORTLAND PIRATES zone.
17:05 of 2nd period - Ondrej Palat is hit by Alec Martinez and loses puck.
17:13 of 2nd period - Icing by Ondrej Palat.
17:14 of 2nd period - Joe Thornton wins face-off versus Eric Staal in SASKATOON DUCKS zone.
17:39 of 2nd period - Shot by Travis Konecny.
17:39 of 2nd period - Stopped by Cameron Talbot without a rebound.
17:40 of 2nd period - Pavel Zacha wins face-off versus Anthony Duclair in SASKATOON DUCKS zone.
17:46 of 2nd period - Nate Schmidt is hit by Brett Pesce and loses puck.
17:51 of 2nd period - Shot by Ryan Strome.
17:51 of 2nd period - Stopped by Henrik Lundqvist without a rebound.
17:52 of 2nd period - Dylan Strome wins face-off versus Jonathan Toews in PORTLAND PIRATES zone.
18:03 of 2nd period - Shot by Jakub Vrana.
18:03 of 2nd period - Shot Misses the Net.
18:05 of 2nd period - Shot by Ryan McDonagh.
18:05 of 2nd period - Shot Misses the Net.
18:07 of 2nd period - Shot by Nate Schmidt.
18:07 of 2nd period - Shot Misses the Net.
18:16 of 2nd period - Andreas Athanasiou is hit by Alec Martinez and loses puck.
18:23 of 2nd period - Shot by Dylan Strome.
18:23 of 2nd period - Deflect By Jakub Vrana.
18:23 of 2nd period - Shot Blocked by Alec Martinez.
18:29 of 2nd period - Shot by Dylan Strome.
18:29 of 2nd period - Shot Blocked by Gabriel Landeskog.
19:08 of 2nd period - Off-side.
19:09 of 2nd period - Eric Staal wins face-off versus Joe Thornton in neutral zone.
19:41 of 2nd period - Shot by Bryan Rust.
19:41 of 2nd period - Shot Blocked by Brian Dumoulin.
Goals for this period are 2 for SASKATOON DUCKS vs 1 for PORTLAND PIRATES.
Shots for this period are 10 for SASKATOON DUCKS vs 10 for PORTLAND PIRATES.

3rd period


0:01 of 3rd period - Pavel Zacha wins face-off versus Vladislav Namestnikov in neutral zone.
0:07 of 3rd period - Yanni Gourde is hit by Ryan McDonagh and loses puck.
0:13 of 3rd period - Pavel Zacha is hit by Ryan McDonagh and loses puck.
0:39 of 3rd period - Pavel Zacha is hit by Nate Schmidt and loses puck.
0:45 of 3rd period - Minor Penalty to Ryan McDonagh for Slashing.
0:46 of 3rd period - Jonathan Toews wins face-off versus Jordan Weal in SASKATOON DUCKS zone.
0:47 of 3rd period - Shot by Gabriel Landeskog.
0:47 of 3rd period - Stopped by Cameron Talbot with a rebound.
0:49 of 3rd period - Shot by Gabriel Landeskog.
0:49 of 3rd period - Shot Blocked by Jordan Weal.
0:51 of 3rd period - Shot by Thomas Chabot.
0:51 of 3rd period - Shot Hit the Post.
0:53 of 3rd period - Shot by Jonathan Toews.
0:53 of 3rd period - Shot Blocked by Travis Dermott.
1:00 of 3rd period - Shot by Thomas Chabot.
1:00 of 3rd period - Shot Blocked by Derek Forbort.
1:13 of 3rd period - Off-side.
1:14 of 3rd period - Eric Staal wins face-off versus Jordan Weal in neutral zone.
1:19 of 3rd period - Shot by Yanni Gourde.
1:19 of 3rd period - Shot Misses the Net.
1:21 of 3rd period - Shot by Brett Pesce.
1:21 of 3rd period - Shot Blocked by Nate Schmidt.
1:23 of 3rd period - Shot by Alec Martinez.
1:23 of 3rd period - Goal by Alec Martinez - SASKATOON DUCKS : 3 - PORTLAND PIRATES : 5.
1:23 of 3rd period - Jared Coreau enters game.
1:24 of 3rd period - Travis Konecny wins face-off versus Dylan Strome in neutral zone.
2:57 of 3rd period - Icing by Ryan McDonagh.
2:58 of 3rd period - Joe Thornton wins face-off versus Jonathan Toews in SASKATOON DUCKS zone.
3:28 of 3rd period - Icing by Thomas Chabot.
3:29 of 3rd period - Jonathan Toews wins face-off versus Ryan Strome in PORTLAND PIRATES zone.
3:39 of 3rd period - Minor Penalty to Devon Toews for High sticking.
3:40 of 3rd period - Jonathan Toews wins face-off versus Ryan Strome in SASKATOON DUCKS zone.
4:10 of 3rd period - Icing by Jonathan Toews.
4:11 of 3rd period - Jonathan Toews wins face-off versus Ryan Strome in PORTLAND PIRATES zone.
4:11 of 3rd period - Jonathan Toews is hit by Ryan Strome.
4:17 of 3rd period - Ryan Strome is hit by Gabriel Landeskog and loses puck.
4:22 of 3rd period - Shot by Mike Hoffman.
4:22 of 3rd period - Shot Misses the Net.
4:24 of 3rd period - Shot by Rasmus Ristolainen.
4:24 of 3rd period - Shot Misses the Net.
4:44 of 3rd period - Shot by Yanni Gourde.
4:44 of 3rd period - Stopped by Jared Coreau without a rebound.
4:45 of 3rd period - Eric Staal wins face-off versus Jordan Weal in SASKATOON DUCKS zone.
5:22 of 3rd period - Shot by Yanni Gourde.
5:22 of 3rd period - Stopped by Jared Coreau with a rebound.
5:52 of 3rd period - Shot by Jason Dickinson.
5:52 of 3rd period - Shot Blocked by Devon Toews.
6:07 of 3rd period - Icing by Dylan Strome.
6:08 of 3rd period - Jonathan Toews wins face-off versus Dylan Strome in SASKATOON DUCKS zone.
6:29 of 3rd period - Shot by Gabriel Landeskog.
6:29 of 3rd period - Shot Misses the Net.
6:31 of 3rd period - Shot by Gabriel Landeskog.
6:31 of 3rd period - Shot Misses the Net.
7:15 of 3rd period - Shot by Bryan Rust.
7:15 of 3rd period - Stopped by Henrik Lundqvist without a rebound.
7:16 of 3rd period - Joe Thornton wins face-off versus Pavel Zacha in PORTLAND PIRATES zone.
7:16 of 3rd period - Joe Thornton is hit by Alec Martinez.
7:18 of 3rd period - Shot by Bryan Rust.
7:18 of 3rd period - Shot Misses the Net.
7:20 of 3rd period - Shot by Ryan McDonagh.
7:20 of 3rd period - Shot Misses the Net.
7:22 of 3rd period - Shot by Joe Thornton.
7:22 of 3rd period - Shot Misses the Net.
7:24 of 3rd period - Shot by Bryan Rust.
7:24 of 3rd period - Shot Blocked by Alec Martinez.
7:26 of 3rd period - Shot by Ryan McDonagh.
7:26 of 3rd period - Shot Misses the Net.
7:50 of 3rd period - Shot by Joe Thornton.
7:50 of 3rd period - Shot Misses the Net.
7:52 of 3rd period - Shot by Ryan McDonagh.
7:52 of 3rd period - Stopped by Henrik Lundqvist without a rebound.
7:53 of 3rd period - Gabriel Landeskog wins face-off versus Ryan Strome in PORTLAND PIRATES zone.
8:29 of 3rd period - Shot by Gabriel Landeskog.
8:29 of 3rd period - Shot Blocked by Victor Mete.
8:35 of 3rd period - Shot by Jonathan Toews.
8:35 of 3rd period - Shot Misses the Net.
8:37 of 3rd period - Shot by Rasmus Ristolainen.
8:37 of 3rd period - Stopped by Jared Coreau with a rebound.
9:10 of 3rd period - Icing by Nate Schmidt.
9:11 of 3rd period - Pavel Zacha wins face-off versus Joe Thornton in SASKATOON DUCKS zone.
9:11 of 3rd period - Pavel Zacha is hit by Nate Schmidt.
9:17 of 3rd period - Shot by Yanni Gourde.
9:17 of 3rd period - Stopped by Jared Coreau without a rebound.
9:18 of 3rd period - Dylan Strome wins face-off versus Pavel Zacha in SASKATOON DUCKS zone.
10:47 of 3rd period - Nate Schmidt is hit by Gabriel Landeskog and loses puck.
11:09 of 3rd period - Off-side.
11:10 of 3rd period - Eric Staal wins face-off versus Joe Thornton in neutral zone.
11:16 of 3rd period - Minor Penalty to Victor Mete for Holding.
11:17 of 3rd period - Eric Staal wins face-off versus Ryan Strome in SASKATOON DUCKS zone.
12:06 of 3rd period - Off-side.
12:07 of 3rd period - Jonathan Toews wins face-off versus Jordan Weal in neutral zone.
12:44 of 3rd period - Shot by Gabriel Landeskog.
12:44 of 3rd period - Shot Misses the Net.
12:46 of 3rd period - Shot by Brett Pesce.
12:46 of 3rd period - Stopped by Jared Coreau with a rebound.
12:48 of 3rd period - Shot by Gabriel Landeskog.
12:48 of 3rd period - Shot Blocked by Devon Toews.
13:10 of 3rd period - Shot by Eric Staal.
13:10 of 3rd period - Stopped by Jared Coreau without a rebound.
13:11 of 3rd period - Eric Staal wins face-off versus Ryan Strome in SASKATOON DUCKS zone.
13:16 of 3rd period - Shot by Yanni Gourde.
13:16 of 3rd period - Stopped by Jared Coreau without a rebound.
13:17 of 3rd period - Joe Thornton wins face-off versus Jason Dickinson in SASKATOON DUCKS zone.
13:26 of 3rd period - Shot by Joe Thornton.
13:26 of 3rd period - Stopped by Henrik Lundqvist with a rebound.
13:30 of 3rd period - Shot by Ondrej Palat.
13:30 of 3rd period - Shot Blocked by Travis Hamonic.
13:32 of 3rd period - Shot by Ryan McDonagh.
13:32 of 3rd period - Shot Misses the Net.
13:34 of 3rd period - Shot by Nate Schmidt.
13:34 of 3rd period - Deflect By Ondrej Palat.
13:34 of 3rd period - Shot Misses the Net.
13:41 of 3rd period - Ondrej Palat is hit by Travis Hamonic and loses puck.
14:40 of 3rd period - Travis Dermott is hit by Yanni Gourde and loses puck.
14:53 of 3rd period - Shot by Yanni Gourde.
14:53 of 3rd period - Stopped by Jared Coreau with a rebound.
15:06 of 3rd period - Off-side.
15:07 of 3rd period - Eric Staal wins face-off versus Dylan Strome in neutral zone.
15:21 of 3rd period - Icing by Derek Forbort.
15:22 of 3rd period - Jonathan Toews wins face-off versus Dylan Strome in SASKATOON DUCKS zone.
15:34 of 3rd period - Off-side.
15:35 of 3rd period - Eric Staal wins face-off versus Ryan Strome in neutral zone.
15:40 of 3rd period - Shot by Rickard Rakell.
15:40 of 3rd period - Shot Misses the Net.
15:42 of 3rd period - Shot by Brian Dumoulin.
15:42 of 3rd period - Stopped by Jared Coreau without a rebound.
15:43 of 3rd period - Ryan Strome wins face-off versus Eric Staal in SASKATOON DUCKS zone.
17:31 of 3rd period - Shot by Mike Hoffman.
17:31 of 3rd period - Shot Misses the Net.
17:45 of 3rd period - Brian Dumoulin is hit by Bryan Rust.
17:59 of 3rd period - Shot by Yanni Gourde.
17:59 of 3rd period - Stopped by Jared Coreau without a rebound.
18:00 of 3rd period - Jason Dickinson wins face-off versus Dylan Strome in SASKATOON DUCKS zone.
18:09 of 3rd period - Shot by Jakub Vrana.
18:09 of 3rd period - Stopped by Henrik Lundqvist without a rebound.
18:10 of 3rd period - Eric Staal wins face-off versus Ryan Strome in PORTLAND PIRATES zone.
19:13 of 3rd period - Shot by Jakub Vrana.
19:13 of 3rd period - Shot Hit the Post.
19:31 of 3rd period - Shot by Dylan Strome.
19:31 of 3rd period - Stopped by Henrik Lundqvist without a rebound.
19:32 of 3rd period - Martin Hanzal wins face-off versus Pavel Zacha in PORTLAND PIRATES zone.
19:32 of 3rd period - Martin Hanzal is hit by Thomas Chabot.
19:51 of 3rd period - Brett Connolly is hit by Nate Schmidt and loses puck.
Goals for this period are 0 for SASKATOON DUCKS vs 1 for PORTLAND PIRATES.
Shots for this period are 5 for SASKATOON DUCKS vs 12 for PORTLAND PIRATES.


NATHAN
MACKINNON
PHILLIP
DANAULT
CONNOR
MCDAVID

EAST COAST

HOCKEY LEAGUE

  • 25.QUE4CHI5
  • 26.CHA2LIM3
  • 27.TRV2LON3
  • 28.CHW4BAL2
  • 29.PITMAN
  • 30.ATLNHW
  • 31.WORPET
  • 32.RHI